 Dungeon Crawl Stone Soup version 0.29-a0-892-g2c4c91d9db (webtiles) character file.

Game seed: 7431140000844739256

6409 Aviak the Thaumaturge (level 11, -5/78 HPs)
             Began as a Djinni Summoner on July 22, 2022.
             Slain by an orc warrior
             ... wielding a +0 war axe
              (19 damage)
             ... in a bailey.
             The game lasted 00:24:33 (11385 turns).

Aviak the Thaumaturge (Djinni Summoner)            Turns: 11385, Time: 00:24:33

Health: -5/78      AC:  3    Str:  9    XL:     11   Next: 18%
Gold:   835        EV: 13    Int: 18    God:
                   SH:  0    Dex: 15

rFire   + + +      SeeInvis .   B - +7 Throatcutter {drain, coup de grace}
rCold   x . .      Faith    .   (no shield)
rNeg    . . .      Spirit   .   l - +0 leather armour
rPois   ∞          Reflect  .   (no helmet)
rElec   .          Harm     .   (no cloak)
rCorr   .          Rampage  .   (no gloves)
Will    +....                   (boots unavailable)
Stlth   ++........              (no amulet)
HPRegen 0.23/turn               F - ring of protection from fire
MPRegen 0.00/turn               (no ring)

@: flying
A: sickness immunity, fire resistance 2, cold vulnerability 1, float, innate
caster, HP casting, extra vitality 1
a: no special abilities


You were in a bailey.
You visited 2 branches of the dungeon, and saw 9 of its levels.
You also visited: Bailey.

You collected 835 gold pieces.

Inventory:

Hand Weapons
 d - a +0 dagger
 i - the +4 hand axe of Purpose {vorpal, rPois Int+2}
   (You found it on level 8 of the Dungeon)

   It inflicts extra damage upon your enemies.
   Int:       It affects your intelligence (+2).
   rPois:     It protects you from poison.
 j - a +2 dagger of venom
 y - a +4 spear of freezing
 B - the +7 Throatcutter (weapon) {drain, coup de grace}
   (You found it on level 6 of the Dungeon)

   A truly terrible weapon, it drains the life of any living foe it strikes.
   It may instantly kill foes which have little health.
Missiles
 u - a throwing net {!f}
Armour
 a - a +0 robe
 l - a +0 leather armour (worn)
 D - a +4 chain mail of willpower
Magical Staves
 g - a staff of death {rN+}
Jewellery
 A - a ring of protection from fire
 E - an amulet of the acrobat
 F - a ring of protection from fire (left hand)
 J - an amulet of regeneration
Wands
 r - a wand of roots (11)
 w - a wand of quicksilver (13)
 I - a wand of flame (21)
Scrolls
 b - 3 scrolls of immolation
 f - 2 scrolls of vulnerability {!r}
 m - a scroll of silence {!r}
 o - 2 scrolls of fog
 p - 4 scrolls of poison
 s - a scroll of enchant weapon
 t - a scroll of noise {!r!r}
 v - a scroll of torment {!r}
 x - a scroll of blinking
Potions
 c - 2 potions of curing
 e - a potion of invisibility
 h - 3 potions of heal wounds
 k - a potion of degeneration {!q!q}
 n - 2 potions of might {unknown}
 q - 4 potions of lignification {unknown}
 G - 2 potions of cancellation {unknown}
 H - a potion of mutation {unknown}


   Skills:
 - Level 6.5 Fighting
 + Level 3.4 Long Blades
 - Level 2.1 Polearms
 - Level 6.1 Armour
 - Level 5.1 Dodging
 - Level 1.5 Stealth
 * Level 9.7 Spellcasting


You had 2 spell levels left.
You knew the following spells:

 Your Spells              Type           Power      Damage    Failure   Level
a - Summon Small Mammal   Summ           100%       N/A       1%          1
b - Call Imp              Summ           43%        N/A       1%          2
c - Call Canine Familiar  Summ           43%        N/A       1%          3
d - Summon Guardian Gole  Hex/Summ       43%        N/A       1%          3
e - Summon Lightning Spi  Summ/Air       43%        N/A       1%          4
f - Apportation           Tloc           86%        N/A       1%          1
g - Wereblood             Tmut           43%        N/A       1%          2
h - Cause Fear            Hex            21%        N/A       1%          4
q - Lightning Bolt        Conj/Air       21%        1d36      5%          5
v - Poisonous Vapours     Pois/Air       86%        N/A       1%          2
Your spell library was empty.

Dungeon Overview and Level Annotations

Branches:
Dungeon (8/15) Zot: 26822  Temple (1/1) D:5 Zot: 5970  Bailey (1/1) Zot: 5552
   Lair: D:8-11

Altars:
Ashenzari
Elyvilon
Fedhas
Gozag
Hepliaklqana
Nemelex Xobeh
Okawaru
Qazlal
Ru
Trog
Uskayaw
Wu Jian
Xom
Yredelemnul
Zin
The Shining One


Innate Abilities, Weirdness & Mutations

You are immune to sickness and miasma.
You are immune to poison.
Your flesh is very heat resistant. (rF++)
You are vulnerable to cold. (rC-)
You float through the air rather than walking.
You learn spells naturally, not from books.
Your magical power is your life essence.
You have superior vitality. (+4 MHP)


Message History

The orc warrior hits your hound with a +0 war axe!
Your hound dies!
Your hound's corpse disappears in a puff of smoke!
Casting: Call Canine Familiar (safe; 1% risk of failure)
Confirm with . or Enter, or press ? or * to list all spells.
The orc warrior misses your hound.
Your hound barely misses the orc warrior.
Your hound bites the orc warrior but does no damage.
Your hound barely misses the orc warrior.
You closely miss the orc warrior.
The orc warrior is lightly wounded.
Your hound closely misses the orc warrior.
The orc warrior hits you with a +0 war axe!
The orc warrior hits your hound with a +0 war axe.
You closely miss the orc warrior.
The orc warrior is lightly wounded.
Your hound bites the orc warrior but does no damage.
The orc warrior hits you with a +0 war axe.
The orc warrior misses your hound.
Your hound bites the orc warrior.
You barely miss the orc warrior.
The orc warrior is lightly wounded.
Your hound closely misses the orc warrior.
The orc warrior hits you with a +0 war axe!!
* * * LOW HITPOINT WARNING * * *
The orc warrior hits your hound with a +0 war axe!
Your hound bites the orc warrior.
The orc warrior barely misses you.
The orc warrior barely misses your hound.
Unknown command.
Okay, then.
Okay, then.
Casting: Call Canine Familiar (safe; 1% risk of failure)
Confirm with . or Enter, or press ? or * to list all spells.
Casting: Cause Fear (dangerous; 1% risk of failure)
Press: ? - help, Dir - look around, f - activate The orc warrior looks frightened!
* * * LOW HITPOINT WARNING * * *
Your hound bites the orc warrior.
Your hound's attack snaps the orc warrior out of its fear.
The orc warrior hits you with a +0 war axe!!
You die...

#≈≈≈≈≈≈≈≈≈≈.####.oog...#
##≈
≈≈≈≈≈≈≈≈.....#..####'####
#####....(.###.... ...
###.....# '..##
#.......###..#
#.....⌠.)..#..#
##.........#'##
##.........ho#######
####.......@.......
#############.##


You could see an orc warrior (ally target) and a friendly hound (summoned).

Vanquished Creatures
  Prince Ribbit (D:6)
  2 yaks (D:5)
  Eustachio (D:5)
  2 water moccasins
  Edmund (D:6)
  4 orc warriors (Bailey)
  A black bear (D:4)
  A centaur (D:7)
  3 scorpions
  4 bullfrogs
  3 wights (D:7)
  4 killer bees (D:7)
  An orc priest (D:4)
  3 hounds
  2 iguanas
  An orc wizard (D:6)
  7 adders
  5 gnolls (D:8)
  An ufetubus (D:6)
  2 dart slugs
  7 orcs
  3 ball pythons
  2 endoplasms
  A giant cockroach (D:3)
  3 hobgoblins
  2 jackals (D:2)
  6 bats
  A frilled lizard (D:3)
  3 goblins (D:2)
  6 kobolds
  4 rats
87 creatures vanquished.

Vanquished Creatures (collateral kills)
  A two-headed ogre (D:7)
  Grinder (D:4)
  Sigmund (D:6)
  A water moccasin (D:6)
  An ogre (D:5)
  2 kobold brigands (D:6)
  A gnoll sergeant (D:6)
  2 necrophages (D:4)
  2 killer bees (D:7)
  2 jellies (D:5)
  3 orc priests
  An iguana (D:4)
  An orc wizard (D:4)
  4 adders
  4 gnolls (D:6)
  A white imp (D:5)
  An ufetubus (D:4)
  21 orcs
  2 endoplasms
  3 goblins
  A hobgoblin (D:1)
  3 ball pythons
  2 frilled lizards (D:1)
  6 kobolds
  A rat (D:1)
68 creatures vanquished.

Vanquished Creatures (others)
  Pikel (D:5)
  The ghost of gabibbone the Gusty, an amateur DsWn of Gozag (D:4)
  4 yaks (D:5)
  A water moccasin (D:5)
  2 orc warriors
  An ogre (D:6)
  3 lemures (D:5)
  A gnoll sergeant (D:8)
  3 kobold brigands (D:6)
  3 wights (D:7)
  An orc (D:4)
21 creatures vanquished.

Grand Total: 176 creatures vanquished

Notes
Turn   | Place    | Note
-------+----------+-------------------------------------------
     0 | D:1      | Aviak the Djinni Summoner began the quest for the Orb.
     0 | D:1      | Aviak set off with the following spells memorised: Summon
                  | Small Mammal, Call Imp, Call Canine Familiar, Summon
                  | Guardian Golem, Summon Lightning Spire.
     0 | D:1      | Reached XP level 1. HP: 15/15 MP: 0/0
   533 | D:1      | Found a faded altar of an unknown god.
   549 | D:1      | Reached XP level 2. HP: 21/22 MP: 0/0
  1047 | D:2      | Reached skill level 1 in Fighting
  1047 | D:2      | Reached XP level 3. HP: 9/27 MP: 0/0
  1047 | D:2      | Learned a level 1 spell: Apportation
  1628 | D:2      | Reached XP level 4. HP: 27/32 MP: 0/0
  2209 | D:3      | Reached skill level 4 in Spellcasting
  2514 | D:3      | Reached XP level 5. HP: 19/38 MP: 0/0
  2514 | D:3      | Learned a level 2 spell: Poisonous Vapours
  2986 | D:4      | Found a sparkling altar of Nemelex Xobeh.
  3109 | D:4      | Found a broken altar of Ashenzari.
  3133 | D:4      | HP: 1/38 [orc/+0 war axe (4)]
  3450 | D:4      | Reached XP level 6. HP: 29/45 MP: 0/0
  3909 | D:4      | Found a large runed translucent door.
  3909 | D:4      | Found a large runed translucent door.
  4121 | D:4      | Reached XP level 7. HP: 15/50 MP: 0/0
  4121 | D:4      | Learned a level 2 spell: Wereblood
  4383 | D:4      | Noticed gabibbone's ghost (amateur DsWn)
  4414 | D:4      | Killed gabibbone's ghost
  4415 | D:4      | Reached skill level 5 in Spellcasting
  4980 | D:4      | Noticed Grinder
  5033 | D:4      | Paralysed by Grinder for 3 turns
  5081 | D:4      | Killed Grinder
  5082 | D:4      | Reached skill level 5 in Dodging
  5082 | D:4      | Reached XP level 8. HP: 30/58 MP: 0/0
  5361 | D:5      | Entered Level 5 of the Dungeon
  5450 | D:5      | Noticed Eustachio
  5465 | D:5      | Killed Eustachio
  5466 | D:5      | Reached skill level 1 in Armour
  5466 | D:5      | Reached skill level 6 in Spellcasting
  5699 | D:5      | Noticed Pikel
  5740 | D:5      | Killed Pikel
  5741 | D:5      | Reached skill level 5 in Fighting
  5741 | D:5      | Reached XP level 9. HP: 26/65 MP: 0/0
  5741 | D:5      | Learned a level 4 spell: Cause Fear
  5759 | D:5      | HP: 3/65 [orc warrior/boomerang (15)]
  6148 | D:5      | Reached skill level 7 in Spellcasting
  6375 | D:5      | Found a staircase to the Ecumenical Temple.
  6390 | Temple   | Entered the Ecumenical Temple
  6390 | Temple   | Found a transporter.
  6390 | Temple   | Found a transporter.
  6392 | Temple   | Found a transporter.
  6392 | Temple   | Found a transporter.
  7068 | D:5      | Reached XP level 10. HP: 27/73 MP: 0/0
  7355 | D:6      | Reached skill level 8 in Spellcasting
  7503 | D:6      | Noticed Sigmund
  7508 | D:6      | Killed Sigmund
  7509 | D:6      | Reached skill level 5 in Armour
  7550 | D:6      | Reached skill level 1 in Polearms
  7809 | D:6      | Noticed Prince Ribbit
  7828 | D:6      | Killed Prince Ribbit
  8327 | D:6      | Found the +7 Throatcutter {drain, coup de grace}
  8855 | D:6      | Noticed Edmund
  8863 | D:6      | Killed Edmund
  9616 | D:7      | Reached skill level 1 in Long Blades
  9708 | D:7      | Noticed a two-headed ogre
  9717 | D:7      | Killed a two-headed ogre
  9718 | D:7      | Reached skill level 9 in Spellcasting
 10265 | D:7      | Reached XP level 11. HP: 57/78 MP: 0/0
 10265 | D:7      | Learned a level 5 spell: Lightning Bolt
 10923 | D:8      | Found a flagged portal.
 10925 | D:8      | Identified the +4 hand axe of Purpose {vorpal, rPois Int+2}
 10942 | Bailey   | Entered a bailey
 11385 | Bailey   | Slain by an orc warrior

Illustrated notes

Levels and vault maps discovered:
D:1:      dpeg_arrival_connections, layout_rooms, ebering_ecumenical_altar_rust
D:2:      minmay_razor_zed, layout_rooms, minmay_box_of_dots
D:3:      layout_basic, kennysheep_boxes
D:4:      layout_cave_pools, nemelex_xobeh_ov_fountains_minmay,
          evilmike_ruin_ashenzari, serial_column_ruins, column_ruins_hut,
          column_ruins_columns_water, column_ruins_columns_corner,
          column_ruins_columns_straight, column_ruins_corridor_straight,
          column_ruins_grid_4, ebering_ghost_disaster_area, bh_walls_and_bars,
          uniq_grinder
D:5:      kennysheep_six_static_rooms, layout_rooms,
          minmay_temple_entry_stoned_glass, minivault_14, uniq_eustachio,
          uniq_pikel
D:6:      layout_layer_cave, dilly_guarded_unrand_throatcut, uniq_sigmund,
          uniq_prince_ribbit1, uniq_edmund
D:7:      layout_loops_corners, st_stairs_6
D:8:      layout_basic, slow_altar_2, lair_entry_dummy, enter_bailey_2
Temple:   hellmonk_temple_divided_pantheon
Bailey:   bailey_axe_4, bailey

Skill      XL: |  1  2  3  4  5  6  7  8  9 10 11 |
---------------+----------------------------------+-----
Fighting       | 1 2 3 4 5 6 |  6.5
Dodging        | 3 4 5 |  5.1
Spellcasting   | 4 5 6 7 9 |  9.7
Armour         | 2 4 6 |  6.1
Polearms       | 2 |  2.1
Long Blades    | 2 3 |  3.4
Stealth        | |  1.5

Action                   |  1- 3 |  4- 6 |  7- 9 | 10-12 || total
-------------------------+-------+-------+-------+-------++-------
Melee: Dagger            |    48 |    79 |    52 |       ||   179
       Unarmed           |     3 |       |       |       ||     3
       Punch             |     1 |       |     1 |     2 ||     4
       Long sword        |       |       |       |    79 ||    79
       Spear             |       |       |       |    33 ||    33
 Cast: Summon Small Mamm |    11 |       |     2 |     1 ||    14
       Call Imp          |     9 |    13 |    12 |     4 ||    38
       Call Canine Famil |       |     8 |    16 |    11 ||    35
       Poisonous Vapours |       |     6 |    13 |    34 ||    53
       Summon Guardian G |       |     1 |    23 |     9 ||    33
       Summon Lightning  |       |       |       |     6 ||     6
       Wereblood         |       |       |       |     1 ||     1
       Lightning Bolt    |       |       |       |     5 ||     5
       Cause Fear        |       |       |       |     1 ||     1
  Use: Scroll            |       |     2 |     4 |     9 ||    15
       Potion            |       |     1 |     1 |       ||     2
 Stab: Sleeping          |       |     1 |       |       ||     1
       Distracted        |       |     1 |     1 |       ||     2
Armor: Robe              |    11 |       |       |       ||    11
       Leather armour    |     1 |    21 |    11 |    21 ||    54
Dodge: Dodged            |    51 |    83 |    44 |   108 ||   286

Table legend: (Time is in decaauts)
 A = Elapsed time spent in this place.
 B = Non-inter-level travel time spent in this place.
 C = Inter-level travel time spent in this place.
 D = Time resting spent in this place.
 E = Time spent auto-exploring this place.
 F = Levels seen in this place.
 G = Mean time per level.
                   A        B        C        D        E       F      G
               +--------+--------+--------+--------+--------+-----+--------+
         Total |  11406 |  11284 |    122 |   1419 |   7984 |  10 | 1140.6 |
       Dungeon |  10930 |  10810 |    120 |   1142 |   7972 |   8 | 1366.2 |
        Temple |     29 |     27 |      2 |      0 |      2 |   1 |   29.0 |
        Bailey |    446 |    446 |      0 |    277 |     10 |   1 |  446.0 |
               +--------+--------+--------+--------+--------+-----+--------+

Top non-repeatable levels by time:
     D:4: 2112 daAuts
     D:6: 2089 daAuts
     D:5: 1954 daAuts
     D:7: 1348 daAuts
     D:2: 1343 daAuts
     D:3: 1178 daAuts
     D:1: 726 daAuts
  Bailey: 446 daAuts
     D:8: 177 daAuts
  Temple: 29 daAuts
